| TOP OF THE 1ST |
|
Orem Owlz batting - Pitching for Baltimore (APP) Orioles : LHP Luis Perez
|
|
Pitching: LHP Luis Perez
|
|
|
Batting: SHB Butch Brown
|
0-0: Called Strike 0-1: Called Strike 0-2: Ground out 6-3 (Groundball, 6, EV 80.0 MPH)
|
|
Batting: RHB Danny Guevara
|
0-0: Swinging Strike 0-1: Ball 1-1: Ball 2-1: Ball 3-1: Base on Balls
|
|
Batting: RHB Danny Bjarnson
|
0-0: Ball 1-0: Ball 2-0: Foul Ball, location: 2F 2-1: Swinging Strike 2-2: Foul Ball, location: 2F 2-2: Ball 3-2: DOUBLE (Line Drive, 9LS, EV 105.6 MPH) Danny Guevara to third
|
|
Batting: RHB Ryan Pelletier
|
0-0: Ground out 6-3 (Groundball, 6, EV 85.0 MPH) Danny Guevara scores Danny Bjarnson to third
|
|
Batting: LHB Nick Isaac
|
0-0: Ball 1-0: Ball 2-0: Ball 3-0: Base on Balls
|
|
Batting: RHB J.R. Roberts
|
0-0: Ball 1-0: Called Strike 1-1: Ball 2-1: Foul Ball, location: 2F 2-2: Foul Ball, location: 2F 2-2: Strikes out swinging
|
| Top of the 1st over - 1 run, 1 hit, 0 errors, 2 left on base; Orem 1 - Baltimore (APP) 0 |
| BOTTOM OF THE 1ST |
|
Baltimore (APP) Orioles batting - Pitching for Orem Owlz : RHP Eric Johnson
|
|
Pitching: RHP Eric Johnson
|
|
|
Batting: RHB Mike Zepeda
|
0-0: Ball 1-0: Ball 2-0: Ball 3-0: Called Strike 3-1: Bunted foul 3-2: Base on Balls
|
|
Batting: RHB Fernando Bravo
|
0-0: Fielders Choice at 2nd, 5-4 (Groundball, 5S, EV 85.6 MPH)
|
|
Batting: RHB Jeremy Sipe
|
0-0: Ball 1-0: Called Strike 1-1: Foul Ball, location: 2F 1-2: Ball 2-2: DOUBLE (Flyball, 8RXD, EV 90.0 MPH) Fernando Bravo to third
|
|
Batting: LHB Justin Alworth
|
0-0: Ball 1-0: Swinging Strike 1-1: Called Strike 1-2: Foul Ball, location: 2F 1-2: Ball 2-2: Foul Ball, location: 2F 2-2: Ball 3-2: Base on Balls
|
|
Batting: RHB Lee Deason
|
0-0: Ball 1-0: Called Strike 1-1: Ball Passed Ball! Fernando Bravo scores Jeremy Sipe to third Justin Alworth to second 2-1: Foul Ball, location: 2F 2-2: Foul Ball, location: 2F 2-2: Foul Ball, location: 2F 2-2: Strikes out looking
|
|
Batting: LHB Tomas de Zeeuw
|
0-0: Ball 1-0: Called Strike 1-1: Ball 2-1: Swinging Strike 2-2: Foul Ball, location: 2F 2-2: Ball 3-2: Foul Ball, location: 2F 3-2: Strikes out swinging
|
| Bottom of the 1st over - 1 run, 1 hit, 0 errors, 2 left on base; Orem 1 - Baltimore (APP) 1 |
| TOP OF THE 2ND |
|
Orem Owlz batting - Pitching for Baltimore (APP) Orioles : LHP Luis Perez
|
|
Batting: RHB Malachi Ephron
|
0-0: Ball 1-0: Ball 2-0: Ball 3-0: Base on Balls
|
|
Batting: RHB Areda Obote
|
0-0: Ball 1-0: Ball 2-0: Swinging Strike 2-1: Called Strike 2-2: Ball 3-2: Strikes out swinging
|
|
Batting: RHB Javier Castaneda
|
0-0: Ball 1-0: Foul Ball, location: 2F 1-1: Called Strike 1-2: Ball 2-2: Fly out, F8 (Line Drive, 8LM, EV 89.4 MPH)
|
|
Batting: SHB Butch Brown
|
0-0: Ball 1-0: Ball 2-0: Ball 3-0: Called Strike 3-1: Base on Balls Malachi Ephron to second
|
|
Batting: RHB Danny Guevara
|
0-0: Foul Ball, location: 2F 0-1: Called Strike 0-2: Strikes out swinging
|
| Top of the 2nd over - 0 runs, 0 hits, 0 errors, 2 left on base; Orem 1 - Baltimore (APP) 1 |
| BOTTOM OF THE 2ND |
|
Baltimore (APP) Orioles batting - Pitching for Orem Owlz : RHP Eric Johnson
|
|
Batting: RHB Kaleb Yerger
|
0-0: Ball 1-0: Ball 2-0: Ball 3-0: Base on Balls
|
|
Batting: RHB Matt O'Dea
|
0-0: Swinging Strike 0-1: SINGLE (Groundball, P, EV 86.9 MPH) (infield hit) Kaleb Yerger to second
|
|
Batting: RHB Ioan Biros
|
0-0: Called Strike 0-1: Ball 1-1: Ball 2-1: Ball 3-1: Foul Ball, location: 2F 3-2: Base on Balls Kaleb Yerger to third Matt O'Dea to second
|
|
Batting: RHB Mike Zepeda
|
0-0: Ball 1-0: DOUBLE (Line Drive, 89XD, EV 104.4 MPH) Kaleb Yerger scores Matt O'Dea scores Ioan Biros to third
|
|
Batting: RHB Fernando Bravo
|
0-0: Ball 1-0: Swinging Strike 1-1: Swinging Strike 1-2: Ball 2-2: Ball 3-2: Strikes out swinging
|
|
Batting: RHB Jeremy Sipe
|
0-0: SINGLE (Groundball, 6S, EV 67.5 MPH) (infield hit) Ioan Biros scores Mike Zepeda to third
|
|
Batting: LHB Justin Alworth
|
0-0: Ball 1-0: Ball 2-0: Ball 3-0: Called Strike 3-1: Foul Ball, location: 2F 3-2: Foul Ball, location: 2F 3-2: Foul Ball, location: 2F 3-2: Foul Ball, location: 2F 3-2: Reached on error, E4 (Flyball, 4D, EV 92.5 MPH) Mike Zepeda scores Jeremy Sipe to second
|
|
Batting: RHB Lee Deason
|
0-0: Called Strike 0-1: Fly out, F9 (Flyball, 9, EV 93.8 MPH)
|
|
Batting: LHB Tomas de Zeeuw
|
0-0: Ball 1-0: Ground out 4-3 (Groundball, 34D, EV 88.1 MPH)
|
| Bottom of the 2nd over - 4 runs, 3 hits, 1 error, 2 left on base; Orem 1 - Baltimore (APP) 5 |
| TOP OF THE 3RD |
|
Orem Owlz batting - Pitching for Baltimore (APP) Orioles : LHP Luis Perez
|
|
Batting: RHB Danny Bjarnson
|
0-0: Ball 1-0: Swinging Strike 1-1: Foul Ball, location: 2F 1-2: Ground out 4-3 (Groundball, 4, EV 95.0 MPH)
|
|
Batting: RHB Ryan Pelletier
|
0-0: Called Strike 0-1: Ball 1-1: Swinging Strike 1-2: Ball 2-2: Strikes out swinging
|
|
Batting: LHB Nick Isaac
|
0-0: Swinging Strike 0-1: Foul Ball, location: 2F 0-2: Ball 1-2: Ball 2-2: DOUBLE (Flyball, 3D, EV 93.1 MPH)
|
|
Batting: RHB J.R. Roberts
|
0-0: Ball 1-0: Ball 2-0: Ball 3-0: Called Strike 3-1: Base on Balls
|
|
Batting: RHB Malachi Ephron
|
0-0: Called Strike 0-1: 3-RUN HOME RUN (Flyball, 78XD, EV 111.2 MPH), Distance : 446 ft
|
|
Batting: RHB Areda Obote
|
0-0: Ball 1-0: Called Strike 1-1: Swinging Strike 1-2: Foul Ball, location: 2F 1-2: Ball 2-2: Strikes out swinging
|
| Top of the 3rd over - 3 runs, 2 hits, 0 errors, 0 left on base; Orem 4 - Baltimore (APP) 5 |
| BOTTOM OF THE 3RD |
|
Baltimore (APP) Orioles batting - Pitching for Orem Owlz : RHP Eric Johnson
|
|
Batting: RHB Kaleb Yerger
|
0-0: Ball 1-0: Ball 2-0: Called Strike 2-1: Foul Ball, location: 2F 2-2: Ball 3-2: Foul Ball, location: 2F 3-2: Base on Balls
|
|
Batting: RHB Matt O'Dea
|
0-0: Ball 1-0: Foul Ball, location: 2F 1-1: Foul Ball, location: 2F 1-2: Ball 2-2: Grounds into double play, 6-4-3 (Groundball, 6, EV 85.6 MPH)
|
|
Batting: RHB Ioan Biros
|
0-0: SINGLE (Line Drive, 34D, EV 108.8 MPH)
|
|
Batting: RHB Mike Zepeda
|
0-0: Called Strike 0-1: DOUBLE (Line Drive, 8RXD, EV 107.5 MPH) Ioan Biros to third Runner from 3rd tries for Home, SAFE, throw by CF to trailing runner, SAFE at third!
|
|
Pitching: RHP Danny Nava
|
|
|
Batting: RHB Fernando Bravo
|
0-0: Ground out 5-3 (Groundball, 5, EV 93.1 MPH)
|
| Bottom of the 3rd over - 1 run, 2 hits, 0 errors, 1 left on base; Orem 4 - Baltimore (APP) 6 |
| TOP OF THE 4TH |
|
Orem Owlz batting - Pitching for Baltimore (APP) Orioles : LHP Luis Perez
|
|
Pitching: RHP Frank Caillouet
|
|
|
Batting: RHB Javier Castaneda
|
0-0: Swinging Strike 0-1: Ball 1-1: Ball 2-1: Ball 3-1: Called Strike 3-2: Strikes out swinging
|
|
Batting: SHB Butch Brown
|
0-0: Foul Ball, location: 2F 0-1: Foul Ball, location: 2F 0-2: Ball 1-2: Ball 2-2: Foul Ball, location: 2F 2-2: Foul Ball, location: 2F 2-2: SINGLE (Line Drive, 4MD, EV 108.8 MPH)
|
|
Batting: RHB Danny Guevara
|
0-0: Ball 1-0: Called Strike 1-1: Ball Butch Brown steals 2nd, throwing error, E2 Butch Brown to third 2-1: 2-RUN HOME RUN (Line Drive, 7LD, EV 98.8 MPH), Distance : 379 ft
|
|
Batting: RHB Danny Bjarnson
|
0-0: Ball 1-0: Called Strike 1-1: Foul Ball, location: 2F 1-2: SINGLE (Groundball, 34D, EV 103.1 MPH)
|
|
Batting: RHB Ryan Pelletier
|
0-0: DOUBLE (Line Drive, 8RD, EV 106.2 MPH) Danny Bjarnson to third Runner from 3rd tries for Home, SAFE, throw by CF to trailing runner, SAFE at third!
|
|
Batting: LHB Nick Isaac
|
0-0: Called Strike 0-1: Swinging Strike 0-2: Strikes out swinging
|
|
Batting: RHB J.R. Roberts
|
0-0: Ball 1-0: Ball 2-0: Ball 3-0: Base on Balls
|
|
Batting: RHB Malachi Ephron
|
0-0: Ball 1-0: Swinging Strike 1-1: Ball 2-1: Foul Ball, location: 2F 2-2: Foul Ball, location: 2F 2-2: Strikes out swinging
|
| Top of the 4th over - 3 runs, 4 hits, 1 error, 2 left on base; Orem 7 - Baltimore (APP) 6 |
| BOTTOM OF THE 4TH |
|
Baltimore (APP) Orioles batting - Pitching for Orem Owlz : RHP Danny Nava
|
|
Batting: RHB Jeremy Sipe
|
0-0: Swinging Strike 0-1: Swinging Strike 0-2: Foul Ball, location: 2F 0-2: Strikes out swinging
|
|
Batting: LHB Justin Alworth
|
0-0: Foul Ball, location: 2F 0-1: Ball 1-1: Called Strike 1-2: Fly out, F7 (Flyball, 7LM, EV 81.9 MPH)
|
|
Batting: RHB Lee Deason
|
0-0: Ball 1-0: Foul Ball, location: 2F 1-1: DOUBLE (Line Drive, 8LXD, EV 104.4 MPH)
|
|
Batting: LHB Tomas de Zeeuw
|
0-0: Foul Ball, location: 2F 0-1: Called Strike 0-2: Foul Ball, location: 2F 0-2: Ball 1-2: Single, Error in OF, E9, batter to second base (Line Drive, 9S, EV 97.5 MPH) Lee Deason scores
|
|
Batting: RHB Kaleb Yerger
|
0-0: Ground out 6-3 (Groundball, 6, EV 88.1 MPH)
|
| Bottom of the 4th over - 1 run, 2 hits, 1 error, 1 left on base; Orem 7 - Baltimore (APP) 7 |
| TOP OF THE 5TH |
|
Orem Owlz batting - Pitching for Baltimore (APP) Orioles : RHP Frank Caillouet
|
|
Pitching: RHP Jon Grason
|
|
|
Batting: RHB Areda Obote
|
0-0: Ground out 5-3 (Groundball, 56S, EV 91.9 MPH)
|
|
Batting: RHB Javier Castaneda
|
0-0: Ball 1-0: Called Strike 1-1: Foul Ball, location: 2F 1-2: Foul Ball, location: 2F 1-2: Strikes out swinging
|
|
Batting: SHB Butch Brown
|
0-0: Ball 1-0: Ground out 6-3 (Groundball, 6, EV 80.6 MPH)
|
| Top of the 5th over - 0 runs, 0 hits, 0 errors, 0 left on base; Orem 7 - Baltimore (APP) 7 |
| BOTTOM OF THE 5TH |
|
Baltimore (APP) Orioles batting - Pitching for Orem Owlz : RHP Danny Nava
|
|
Batting: RHB Matt O'Dea
|
0-0: Ball 1-0: Ball 2-0: Called Strike 2-1: Fly out, F4 (Popup, 23, EV 86.2 MPH)
|
|
Batting: RHB Ioan Biros
|
0-0: Called Strike 0-1: Foul Ball, location: 2F 0-2: Ball 1-2: Ball 2-2: Ball 3-2: Base on Balls
|
|
Batting: RHB Mike Zepeda
|
0-0: Ball 1-0: Ball 2-0: Called Strike 2-1: Foul Ball, location: 2F 2-2: Foul Ball, location: 2F 2-2: Foul Ball, location: 2F 2-2: Foul Ball, location: 2F 2-2: Strikes out looking
|
|
Batting: RHB Fernando Bravo
|
0-0: Called Strike 0-1: Ball 1-1: Ball 2-1: Ball 3-1: Base on Balls Ioan Biros to second
|
|
Pitching: RHP Troy Ingram
|
|
|
Batting: RHB Jeremy Sipe
|
0-0: Swinging Strike 0-1: Swinging Strike 0-2: Strikes out swinging
|
| Bottom of the 5th over - 0 runs, 0 hits, 0 errors, 2 left on base; Orem 7 - Baltimore (APP) 7 |
| TOP OF THE 6TH |
|
Orem Owlz batting - Pitching for Baltimore (APP) Orioles : RHP Jon Grason
|
|
Batting: RHB Danny Guevara
|
0-0: Called Strike 0-1: SOLO HOME RUN (Flyball, 9D, EV 98.8 MPH), Distance : 384 ft
|
|
Batting: RHB Danny Bjarnson
|
0-0: Ground out 6-3 (Groundball, 56, EV 103.8 MPH)
|
|
Batting: RHB Ryan Pelletier
|
0-0: Swinging Strike 0-1: Called Strike 0-2: Foul Ball, location: 2F 0-2: Ball 1-2: Ball 2-2: Ground out 4-3 (Groundball, 4, EV 87.5 MPH)
|
|
Batting: LHB Nick Isaac
|
0-0: Ball 1-0: Called Strike 1-1: Called Strike 1-2: Strikes out swinging
|
| Top of the 6th over - 1 run, 1 hit, 0 errors, 0 left on base; Orem 8 - Baltimore (APP) 7 |
| BOTTOM OF THE 6TH |
|
Baltimore (APP) Orioles batting - Pitching for Orem Owlz : RHP Troy Ingram
|
|
Batting: LHB Justin Alworth
|
0-0: Called Strike 0-1: Ground out U3 (Groundball, 3, EV 80.0 MPH)
|
|
Batting: RHB Lee Deason
|
0-0: Called Strike 0-1: Called Strike 0-2: Foul Ball, location: 2F 0-2: Ball 1-2: Foul Ball, location: 2F 1-2: Ball 2-2: Ball 3-2: Strikes out swinging
|
|
Batting: LHB Tomas de Zeeuw
|
0-0: Ball 1-0: Called Strike 1-1: Called Strike 1-2: Ground out 5-3 (Groundball, 5, EV 89.4 MPH)
|
| Bottom of the 6th over - 0 runs, 0 hits, 0 errors, 0 left on base; Orem 8 - Baltimore (APP) 7 |
| TOP OF THE 7TH |
|
Orem Owlz batting - Pitching for Baltimore (APP) Orioles : RHP Jon Grason
|
|
Pitching: LHP Randall Rennie
|
|
|
Batting: RHB J.R. Roberts
|
0-0: Ball 1-0: Foul Ball, location: 2F 1-1: Ball 2-1: Foul Ball, location: 2F 2-2: Foul Ball, location: 2F 2-2: Foul Ball, location: 2F 2-2: Strikes out swinging
|
|
Batting: RHB Malachi Ephron
|
0-0: Called Strike 0-1: Ball 1-1: Swinging Strike 1-2: Foul Ball, location: 2F 1-2: Strikes out swinging
|
|
Batting: RHB Areda Obote
|
0-0: Swinging Strike 0-1: Called Strike 0-2: Strikes out swinging
|
| Top of the 7th over - 0 runs, 0 hits, 0 errors, 0 left on base; Orem 8 - Baltimore (APP) 7 |
| BOTTOM OF THE 7TH |
|
Baltimore (APP) Orioles batting - Pitching for Orem Owlz : RHP Troy Ingram
|
|
Pitching: RHP Chris Petrey
|
|
|
Batting: RHB Kaleb Yerger
|
0-0: Swinging Strike 0-1: Foul Ball, location: 2F 0-2: Ball 1-2: Ball 2-2: Foul Ball, location: 2F 2-2: Ball 3-2: Fly out, F8 (Flyball, 8RM, EV 87.5 MPH)
|
|
Batting: RHB Matt O'Dea
|
0-0: SOLO HOME RUN (Flyball, 78XD, EV 116.9 MPH), Distance : 461 ft
|
|
Batting: RHB Ioan Biros
|
0-0: Ball 1-0: SINGLE (Groundball, 6S, EV 70.6 MPH) (infield hit)
|
|
Batting: RHB Mike Zepeda
|
0-0: Fly out, F8 (Flyball, 89D, EV 101.2 MPH)
|
|
Batting: RHB Fernando Bravo
|
0-0: Called Strike 0-1: Foul Ball, location: 2F 0-2: Strikes out swinging
|
| Bottom of the 7th over - 1 run, 2 hits, 0 errors, 1 left on base; Orem 8 - Baltimore (APP) 8 |
| TOP OF THE 8TH |
|
Orem Owlz batting - Pitching for Baltimore (APP) Orioles : LHP Randall Rennie
|
|
Pitching: RHP Chris Kimura
|
|
|
Batting: RHB Javier Castaneda
|
0-0: Foul Ball, location: 2F 0-1: Called Strike 0-2: Ball 1-2: Strikes out looking
|
|
Batting: SHB Butch Brown
|
0-0: Ball 1-0: Fly out, F8 (Flyball, 8RM, EV 83.8 MPH)
|
|
DELAY
|
Rain delay of 83 minutes in the 8th inning.
|
|
Batting: RHB Danny Guevara
|
0-0: Ball 1-0: Ball 2-0: Ball 3-0: Base on Balls
|
|
Batting: RHB Danny Bjarnson
|
0-0: Ball 1-0: Ball 2-0: Called Strike 2-1: Foul Ball, location: 2F 2-2: Ground out 4-3 (Groundball, 4, EV 82.5 MPH)
|
| Top of the 8th over - 0 runs, 0 hits, 0 errors, 1 left on base; Orem 8 - Baltimore (APP) 8 |
| BOTTOM OF THE 8TH |
|
Baltimore (APP) Orioles batting - Pitching for Orem Owlz : RHP Chris Petrey
|
|
Pitching: RHP Ed Raleigh
|
|
|
Batting: RHB Jeremy Sipe
|
0-0: Ball 1-0: Ball 2-0: Ball 3-0: Base on Balls
|
|
Batting: LHB Justin Alworth
|
0-0: Ball 1-0: Foul Ball, location: 2F 1-1: Called Strike 1-2: SINGLE (Groundball, 34D, EV 94.4 MPH) Jeremy Sipe to second Runner from 2nd tries for 3rd, SAFE, throw by RF made at trailing runner, OUT! 9-6
|
|
Batting: RHB Lee Deason
|
0-0: Ball 1-0: Ball 2-0: Called Strike 2-1: Ball 3-1: Swinging Strike 3-2: Base on Balls
|
|
Batting: LHB Tomas de Zeeuw
|
0-0: Called Strike 0-1: Called Strike 0-2: Foul Ball, location: 2F 0-2: SINGLE (Groundball, 3, EV 102.5 MPH) Jeremy Sipe scores Lee Deason to second Runner from 2nd tries for 3rd, SAFE, throw by RF made to third
|
|
Pitching: RHP Simon Vogel
|
|
|
Batting: RHB Kaleb Yerger
|
0-0: Fly out, F8 (Line Drive, 8LM, EV 92.5 MPH)
|
|
Batting: RHB Matt O'Dea
|
0-0: 3-RUN HOME RUN (Flyball, 78XD, EV 114.4 MPH), Distance : 473 ft
|
|
Batting: RHB Ioan Biros
|
0-0: Swinging Strike 0-1: Ball 1-1: Swinging Strike 1-2: Ball 2-2: Strikes out looking
|
| Bottom of the 8th over - 4 runs, 3 hits, 0 errors, 0 left on base; Orem 8 - Baltimore (APP) 12 |
| TOP OF THE 9TH |
|
Orem Owlz batting - Pitching for Baltimore (APP) Orioles : RHP Chris Kimura
|
|
Pitching: LHP Kyle Sheridan
|
|
|
Batting: RHB Ryan Pelletier
|
0-0: Called Strike 0-1: SINGLE (Line Drive, 5L, EV 96.2 MPH)
|
|
Batting: LHB Nick Isaac
|
0-0: Ball 1-0: Called Strike 1-1: Ball 2-1: Called Strike 2-2: Foul Ball, location: 2F 2-2: Foul Ball, location: 2F 2-2: Ball 3-2: Fly out, F8 (Flyball, 8LXD, EV 90.0 MPH)
|
|
Batting: RHB J.R. Roberts
|
0-0: Fielders Choice at 2nd, 6-4 (Groundball, 6, EV 108.8 MPH)
|
|
Batting: RHB Malachi Ephron
|
0-0: Ball 1-0: Swinging Strike 1-1: Called Strike 1-2: Strikes out swinging
|
| Top of the 9th over - 0 runs, 1 hit, 0 errors, 1 left on base; Orem 8 - Baltimore (APP) 12 |
|